 Dungeon Crawl Stone Soup version 0.30-a0-845-g7c6808c8ce (webtiles) character file.

Game seed: 7331096210465692012

54783 Ceno the Lord of Darkness (level 14, -1/84 HPs)
             Began as a Vampire Enchanter on Mar 2, 2023.
             Was the Champion of Kikubaaqudgha.
             Slain by a troll (2 damage)
             ... on level 2 of the Orcish Mines.
             The game lasted 01:29:53 (21876 turns).

Ceno the Lord of Darkness (Vampire Enchanter)      Turns: 21876, Time: 01:29:54

Health: -1/84      AC: 18    Str:  7    XL:     14   Next: 35%
Magic:  1/21       EV: 15    Int: 22    God:    Kikubaaqudgha [******]
Gold:   1658       SH: 10    Dex: 15    Spells: 5/22 levels left

rFire   + . .      SeeInvis +    b - +6 rapier (pain)
rCold   + + .      Faith    .    Q - +0 buckler
rNeg    + + +      Spirit   .    C - +0 steam dragon scales
rPois   ∞          Reflect  +    I - +2 hat
rElec   .          Rampage  .    i - +0 cloak {rCorr}
rCorr   +                        A - +2 pair of gloves
Will    +....                    m - +0 pair of boots
Stlth   ++++++                   z - amulet of reflection
HPRegen 0.00/turn                D - ring of protection from fire
MPRegen 0.17/turn                N - +4 ring of protection

@: death channelling, bloodless, inhibited regen
A: bloodless, fangs 3, see invisible, vampiric 2
a: Bat Form, Revivify, Renounce Religion, Unearth Wretches, Torment


You were on level 2 of the Orcish Mines.
You worshipped Kikubaaqudgha.
Kikubaaqudgha was exalted by your worship.
You visited 4 branches of the dungeon, and saw 20 of its levels.
You also visited: Sewer.

You collected 1658 gold pieces.

Inventory:

Hand Weapons
 a - a +2 dagger of draining
 b - a +6 rapier of pain (weapon)
 X - a +0 scimitar
Missiles
 d - 46 poisoned darts
 g - 46 stones (quivered)
Armour
 i - a +0 cloak of preservation (worn)
 m - a +0 pair of boots (worn)
 A - a +2 pair of gloves (worn)
 C - +0 steam dragon scales (worn)
 I - a +2 hat (worn)
 Q - a +0 buckler (worn)
Jewellery
 p - an amulet of magic regeneration
 q - a ring of poison resistance
 z - an amulet of reflection (around neck)
 D - a ring of protection from fire (left hand)
 F - a ring of flight
 N - a +4 ring of protection (right hand)
 O - a ring of protection from cold
 U - a +5 ring of evasion
Wands
 x - a wand of paralysis (5)
 J - a wand of iceblast (10)
 L - a wand of quicksilver (19)
 P - a wand of flame (7)
 V - a wand of polymorph (4)
Scrolls
 f - 3 scrolls of fog
 l - 5 scrolls of vulnerability
 o - 2 scrolls of enchant weapon
 r - 10 scrolls of teleportation
 t - a scroll of enchant armour
 u - 6 scrolls of amnesia
 y - 3 scrolls of brand weapon
 B - a scroll of torment
 G - 8 scrolls of identify
 H - a scroll of blinking
 K - a scroll of fear
 M - a scroll of immolation
 W - a scroll of noise {unknown}
Potions
 c - a potion of invisibility
 e - 3 potions of resistance
 h - 8 potions of curing
 j - 4 potions of cancellation
 k - a potion of mutation
 n - 3 potions of heal wounds
 s - 2 potions of attraction
 v - 3 potions of might
 w - 2 potions of haste
 E - 4 potions of brilliance
 S - 2 potions of degeneration
 T - a potion of ambrosia {unknown}
Miscellaneous
 R - a tin of tremorstones (2/2)


   Skills:
 - Level 8.0 Fighting
 - Level 8.0(10.5) Short Blades
 + Level 10.0(11.0) Long Blades
 - Level 8.0 Armour
 - Level 8.0 Dodging
 - Level 8.6 Stealth
 + Level 3.8 Shields
 + Level 4.7 Spellcasting
 - Level 10.0 Hexes
 - Level 15.0 Necromancy
 + Level 2.5 Earth Magic


You had 5 spell levels left.
You knew the following spells:

 Your Spells              Type           Power      Damage    Failure   Level
a - Ensorcelled Hibernat  Hex/Ice        54%        N/A       2%          2
b - Confusing Touch       Hex            49%        N/A       1%          3
c - Tukima's Dance        Hex            49%        N/A       1%          3
d - Dazzling Flash        Conj/Hex       54%        N/A       4%          3
e - Death Channel         Necr           31%        N/A       4%          6

Your spell library contained the following spells:

 Spells                   Type           Power      Damage    Failure   Level
 Kiss of Death            Conj/Necr      100%       2d13      1%          1
 Necrotise                Necr           100%       1d9       1%          1
 Sublimation of Blood     Necr           63%        N/A       1%          2
 Vampiric Draining        Necr           63%        2d10      1%          3
 Dispel Undead            Necr           63%        3d22      1%          4
 Agony                    Necr           63%        N/A       1%          5
 Cigotuvi's Dreadful Rot  Necr/Pois/Air  54%        N/A       2%          2
 Sandblast                Erth           32%        2d9       4%          1
 Inner Flame              Hex/Fire       27%        N/A       4%          3
 Summon Guardian Golem    Hex/Summ       27%        N/A       4%          3
 Borgnjor's Vile Clutch   Necr/Erth      21%        N/A       10%         5
 Passwall                 Tmut/Erth      8%         N/A       12%         2
 Apportation              Tloc           10%        N/A       13%         1
 Foxfire                  Conj/Fire      20%        2x1d5     13%         1
 Summon Small Mammal      Summ           20%        N/A       13%         1
 Fulminant Prism          Conj/Hex       13%        3d8       17%         4
 Blink                    Tloc           10%        N/A       21%         2
 Poisonous Vapours        Pois/Air       10%        N/A       21%         2
 Stone Arrow              Conj/Erth      20%        3d8       24%         3
 Call Canine Familiar     Summ           5%         N/A       36%         3
 Frozen Ramparts          Ice            10%        1d2       36%         3
 Hailstorm                Conj/Ice       5%         3d4       36%         3
 Kindle Blastsparks       Fire/Tloc/Air  10%        2d10      36%         3
 Mephitic Cloud           Conj/Pois/Air  5%         N/A       36%         3
 Flame Wave               Conj/Fire      5%         2d5       78%         4
 Ice Form                 Ice/Tmut       5%         N/A       78%         4
 Iskenderun's Mystic Bla  Conj/Tloc      5%         2d3       78%         4
 Manifold Assault         Tloc           5%         N/A       78%         4
 Sticky Flame             Conj/Fire      5%         2d3       78%         4
 Summon Ice Beast         Ice/Summ       5%         N/A       78%         4
 Lee's Rapid Deconstruct  Erth           8%         3d7*      78%         5
 Alistair's Intoxication  Tmut/Pois      3%         N/A       98%         5
 Fireball                 Conj/Fire      2%         3d4       98%         5
 Simulacrum               Ice/Necr       19%        N/A       67%         6
 Eringya's Noxious Bog    Tmut/Pois      2%         N/A       100%        6
 Starburst                Conj/Fire      2%         6d3       100%        6
 Storm Form               Tmut/Air       2%         N/A       100%        7


Dungeon Overview and Level Annotations

Branches:
Dungeon (12/15)            Temple (1/1) D:4            Lair (5/5) D:8
 Shoals (0/4) Lair:3       Spider (0/4) Lair:3        Slime (0/5) Lair:4
    Orc (2/2) D:12            Elf (0/3) Orc:2         Sewer (visited)

Altars:
Ashenzari
Cheibriados
Dithmenos
Fedhas
Gozag
Hepliaklqana
Kikubaaqudgha
Makhleb
Nemelex Xobeh
Okawaru
Qazlal
Ru
Sif Muna
Trog
Uskayaw
Vehumet
Wu Jian
Xom
Yredelemnul

Shops:
D:1 (*   D:6 [   Orc:2 !=!*

Annotations:
D:5 Grinder
D:11 exclusion: 4 doors


Innate Abilities, Weirdness & Mutations

You do not regenerate when monsters are visible.
You are frail without blood (-20% HP).
You can heal yourself when you bite living creatures.
You are immune to poison.
You have razor-sharp teeth.
You have supernaturally acute eyesight. (SInv)
You are afflicted with vampirism and can become a bat while bloodless.


Message History

You hit the orc warlord but do no damage.
Your bite misses the orc warlord.
The orc warlord is almost dead.
Your spectral orc barely misses the orc warlord.
You closely miss the orc warlord.
The orc warlord is almost dead.
The orc warlord hits you with a +0 bardiche!!
Your spectral orc hits the orc warlord but does no damage.
Casting: Dazzling Flash (dangerous; 4% risk of failure)
Confirm with . or Enter, or press ? or * to list all spells.
Your hands begin to glow red.
The orc hits your spectral orc with a +0 mace.
The orc warlord hits your spectral orc with a +0 bardiche!
Your spectral orc is destroyed!
You block the orc wizard's attack.
The orc warlord shouts!
You hit the orc warlord but do no damage.
The orc warlord is severely wounded.
The troll bites you but does no damage. You block the troll's attack.
The troll claws you but does no damage.
The orc warlord hits you with a +0 bardiche.
* * * LOW HITPOINT WARNING * * *
You block the orc wizard's attack.
You hit the orc warlord but do no damage.
You bite the orc warlord, but do no damage.
The orc warlord is severely wounded.
You block the troll's attack. x2; The troll claws you but does no damage.
The orc warlord hits you with a +0 bardiche!
* * * LOW HITPOINT WARNING * * *
You hit the orc warlord but do no damage.
The orc warlord is severely wounded.
The orc wizard hits you but does no damage.
You hit the orc wizard but do no damage.
The orc wizard appears confused.
The orc wizard is heavily wounded.
The orc completely misses you. The troll bites you!
* * * LOW HITPOINT WARNING * * *
The troll claws you.
You die...
Kikubaaqudgha rasps: "You have failed me!
Welcome... oblivion!"

######## #########
##.##...###........
#.)o.....#.........
##@o....#..)######.
#.T#o).#.#..##......
.......)#†...##.......
#......#.###...#......##
##........ #...#.....).#
#.........#.#..#...).#.)
.............#.#....###.
.....#.#..#.##.#..#..#..
...#.>.## #.#..##)..#


You could see an orc warlord (drained), a troll, an orc wizard (strong,
invisible, confused) and an orc (strong).

Vanquished Creatures
  Gastronok (D:9)
  An ettin (Orc:1)
  6 hydras
  3 two-headed ogres
  4 death yaks (Lair:4)
  A skyshark (Lair:2)
  An orc high priest (Orc:2)
  A lindwurm (Lair:2)
  An orb spider (Lair:3)
  A deep elf pyromancer (D:12)
  3 ugly things
  4 orc sorcerers (Orc:2)
  A manticore (D:12)
  3 cyclopes
  2 manticores (shapeshifter) (Lair:5)
  A torpor snail (Lair:5)
  11 elephants
  3 black mambas
  17 cane toads
  3 rime drakes
  2 unseen horrors
  A kobold demonologist (D:9)
  2 komodo dragons
  2 ancient zymes (Lair:5)
  4 trolls
  A polar bear (Lair:4)
  13 blink frogs
  2 dream sheep
  6 small abominations
  2 vampires (D:12)
  A spriggan (Lair:5)
  2 shadows (D:12)
  A wraith (D:12)
  4 wyverns
  A ynoxinul (Lair:5)
  2 chaos spawn (Lair:5)
  26 yaks
  7 basilisks
  3 steam dragons
  7 vampire mosquitoes
  4 wargs
  A water moccasin (shapeshifter) (Lair:5)
  2 acid dragons
  Pargi (Sewer)
  A sky beast (D:6)
  16 water moccasins
  15 orc warriors
  4 ice beasts
  2 black bears
  4 ogres
  9 wolves
  5 centaurs
  5 phantoms
  10 bullfrogs
  2 necrophages
  6 kobold brigands
  3 gnoll sergeants
  3 scorpions (D:6)
  3 wights
  4 troll zombies (D:12)
  11 killer bees
  5 howler monkeys
  An electric eel (Lair:1)
  2 hounds
  A jelly (D:6)
  2 gnoll boudas
  18 orc priests
  Crazy Yiuf (D:7)
  26 orc wizards
  Terence (D:2)
  3 iguanas
  2 ogre zombies (D:12)
  Robin (D:2)
  18 gnolls
  8 adders
  A shadow imp (D:6)
  4 worms
  52 orcs
  14 endoplasms
  4 giant cockroaches
  13 goblins
  10 hobgoblins
  7 jackals (D:1)
  20 kobolds
  8 quokkas
  7 ball pythons
  11 bats
  3 frilled lizards
  A goblin zombie (D:12)
  A hobgoblin skeleton (D:12)
  2 hobgoblin zombies (D:12)
  15 orc zombies (D:12)
  6 rats
536 creatures vanquished.

Vanquished Creatures (collateral kills)
  2 two-headed ogres
  A komodo dragon (Lair:4)
  Psyche (D:8)
  Maggie (D:8)
  2 yaks (D:11)
  A vampire mosquito (D:11)
  2 orc warriors (Orc:2)
  An ogre (D:6)
  A centaur (D:11)
  An orc priest (Orc:2)
  2 orc wizards (Orc:2)
  2 gnolls (D:5)
  5 orcs
22 creatures vanquished.

Vanquished Creatures (others)
  6 dancing weapons
  A centaur (D:11)
  A butterfly (D:9)
  24 fungi
  32 plants
  4 toadstools (D:1)
68 creatures vanquished.

Grand Total: 626 creatures vanquished

Notes
Turn   | Place    | Note
-------+----------+-------------------------------------------
     0 | D:1      | Ceno the Vampire Enchanter began the quest for the Orb.
     0 | D:1      | Reached XP level 1. HP: 13/13 MP: 3/3
    16 | D:1      | Found Hiyketuo's Antique Weapon Emporium.
   226 | D:1      | Reached XP level 2. HP: 15/19 MP: 5/5
   229 | D:1      | Learned a level 2 spell: Ensorcelled Hibernation
   460 | D:1      | Reached skill level 5 in Hexes
   606 | D:1      | Found Hemiared's Assorted Antiques.
   827 | D:1      | Reached skill level 5 in Stealth
  1004 | D:1      | Gained mutation: You are afflicted with vampirism and can
                  | become a bat while bloodless. [Vampire growth]
  1004 | D:1      | Reached XP level 3. HP: 24/24 MP: 6/6
  1008 | D:1      | Learned a level 3 spell: Confusing Touch
  1519 | D:2      | Noticed Terence
  1539 | D:2      | Killed Terence
  1540 | D:2      | Reached XP level 4. HP: 12/24 MP: 3/7
  1854 | D:2      | Found a faded altar of an unknown god.
  1897 | D:2      | Learned a level 3 spell: Tukima's Dance
  1938 | D:2      | Identified the +0 helmet of the Trilobite {*Corrode Regen+
                  | Int+3}
  1938 | D:2      | Noticed Robin
  2452 | D:2      | Killed Robin
  2543 | D:2      | Reached XP level 5. HP: 24/28 MP: 9/9
  3026 | D:3      | Found an opulent altar of Gozag.
  3105 | D:3      | Found a glowing drain.
  3167 | Sewer    | Entered a sewer
  3191 | Sewer    | Noticed Pargi
  3325 | Sewer    | Killed Pargi
  3326 | Sewer    | Reached XP level 6. HP: 21/32 MP: 9/11
  3849 | D:4      | Found a staircase to the Ecumenical Temple.
  4394 | D:5      | Entered Level 5 of the Dungeon
  4406 | D:5      | Noticed an ice beast
  4418 | D:5      | Killed an ice beast
  4419 | D:5      | Reached XP level 7. HP: 36/36 MP: 12/12
  4502 | Temple   | Entered the Ecumenical Temple
  4647 | Temple   | Became a worshipper of Kikubaaqudgha
  4840 | D:5      | Found an iron altar of Okawaru.
  4845 | D:5      | Noticed Grinder
  4916 | D:5      | Reached skill level 10 in Hexes
  5092 | D:4      | Learned a level 3 spell: Dazzling Flash
  5360 | D:5      | Reached skill level 1 in Fighting
  5360 | D:5      | Reached skill level 1 in Necromancy
  5360 | D:5      | Reached XP level 8. HP: 37/43 MP: 14/14
  5456 | D:6      | Reached skill level 2 in Necromancy
  5671 | D:6      | Found Rovem's Armour Boutique.
  5693 | D:6      | Reached skill level 3 in Necromancy
  6182 | D:7      | Reached skill level 4 in Necromancy
  6182 | D:7      | Reached XP level 9. HP: 51/51 MP: 15/15
  6386 | D:7      | Reached skill level 5 in Dodging
  6423 | D:7      | Found a bloodstained altar of Trog.
  6449 | D:7      | Reached * piety under Kikubaaqudgha
  6449 | D:7      | Received a gift from Kikubaaqudgha
  6813 | D:7      | Reached skill level 5 in Short Blades
  7164 | D:7      | Found a runed translucent door.
  7165 | D:7      | Noticed Crazy Yiuf
  7172 | D:7      | Killed Crazy Yiuf
  7419 | D:8      | Noticed Maggie
  7441 | D:8      | Killed Maggie
  7476 | D:8      | Noticed a two-headed ogre
  7491 | D:8      | Killed a two-headed ogre
  7492 | D:8      | Reached skill level 5 in Fighting
  7565 | D:8      | Noticed Psyche
  7593 | D:8      | Killed Psyche
  7594 | D:8      | Reached XP level 10. HP: 59/59 MP: 14/16
  7637 | D:8      | Noticed a two-headed ogre
  7765 | D:8      | Found a staircase to the Lair.
  8065 | D:8      | Reached ** piety under Kikubaaqudgha
  8140 | D:8      | Found a basalt altar of Yredelemnul.
  8217 | D:8      | Killed a two-headed ogre
  8338 | D:8      | Found a radiant altar of Vehumet.
  8945 | D:9      | Noticed Gastronok
  9039 | D:9      | Killed Gastronok
  9171 | D:9      | Reached skill level 5 in Necromancy
  9181 | D:9      | Reached skill level 1 in Armour
  9259 | D:9      | Noticed a two-headed ogre
  9295 | D:9      | Killed a two-headed ogre
  9296 | D:9      | Reached XP level 11. HP: 68/68 MP: 8/17
  9721 | D:9      | Found an ornate altar of the Wu Jian Council.
  9721 | D:9      | Found a hide-covered altar of Uskayaw.
  9721 | D:9      | Found a blossoming altar of Fedhas.
  9723 | D:9      | Found a shadowy altar of Dithmenos.
  9725 | D:9      | Found a snail-covered altar of Cheibriados.
  9746 | D:9      | Reached skill level 1 in Long Blades
  9746 | D:9      | Reached skill level 6 in Necromancy
  9829 | D:10     | Entered Level 10 of the Dungeon
  9929 | D:10     | Reached *** piety under Kikubaaqudgha
  9929 | D:10     | Received a gift from Kikubaaqudgha
 10056 | D:10     | Noticed a two-headed ogre
 10075 | D:10     | Killed a two-headed ogre
 10538 | D:10     | Found a broken altar of Ashenzari.
 10679 | Lair:1   | Entered Level 1 of the Lair of Beasts
 10960 | Lair:1   | Reached skill level 7 in Necromancy
 11091 | Lair:1   | Identified the +0 robe of the Other Side {Dex+3 Stlth+}
 11357 | Lair:1   | Identified the +7 trident of Amorality {flame, Contam rF++
                  | rN+++}
 11427 | Lair:1   | Reached skill level 8 in Necromancy
 11765 | Lair:1   | Noticed a five-headed hydra
 11827 | Lair:1   | Killed a five-headed hydra
 12025 | Lair:2   | Noticed an eight-headed hydra
 12045 | Lair:1   | HP: 3/68 [cane toad (13)]
 12257 | Lair:1   | Reached skill level 5 in Armour
 12263 | Lair:1   | Reached skill level 9 in Necromancy
 12309 | Lair:2   | Noticed a lindwurm
 12376 | Lair:2   | Reached XP level 12. HP: 73/73 MP: 18/18
 12432 | Lair:1   | Reached skill level 5 in Long Blades
 12488 | Lair:2   | Killed an eight-headed hydra
 12777 | Lair:2   | Reached **** piety under Kikubaaqudgha
 12778 | Lair:2   | Reached skill level 10 in Necromancy
 12995 | Lair:2   | Noticed a five-headed hydra
 13002 | Lair:2   | Killed a five-headed hydra
 13307 | Lair:3   | Reached skill level 11 in Necromancy
 13932 | Lair:3   | Identified the +2 leather armour of the Farrier {Str+2}
 14005 | Lair:3   | Found a staircase to the Shoals.
 14092 | Lair:3   | Found a hole to the Spider Nest.
 14577 | Lair:4   | Reached skill level 12 in Necromancy
 14726 | Lair:4   | Found a staircase to the Slime Pits.
 14787 | Lair:4   | Noticed an eight-headed hydra
 14853 | Lair:4   | Reached XP level 13. HP: 78/78 MP: 17/19
 15443 | Lair:5   | Entered Level 5 of the Lair of Beasts
 15621 | Lair:4   | Reached ***** piety under Kikubaaqudgha
 15890 | Lair:4   | Reached skill level 13 in Necromancy
 17033 | Lair:5   | Reached skill level 14 in Necromancy
 17757 | D:8      | Learned a level 6 spell: Death Channel
 18202 | D:11     | Reached skill level 1 in Shields
 18750 | D:12     | Found a staircase to the Orcish Mines.
 18763 | D:12     | Reached XP level 14. HP: 76/84 MP: 17/20
 18992 | D:12     | Reached ****** piety under Kikubaaqudgha
 19098 | D:12     | Identified a +4 rapier of pain (a +2 rapier of freezing
                  | bloodied by Kikubaaqudgha)
 19098 | D:12     | Received a gift from Kikubaaqudgha
 19275 | D:12     | Reached skill level 15 in Necromancy
 19835 | Orc:1    | Entered Level 1 of the Orcish Mines
 19980 | Orc:1    | Upgraded the game from 0.30-a0-840-ga523dec638 to
                  | 0.30-a0-845-g7c6808c8ce
 20187 | Orc:1    | Found a shimmering blue altar of Sif Muna.
 20329 | Orc:1    | Reached skill level 1 in Earth Magic
 20613 | Orc:2    | Entered Level 2 of the Orcish Mines
 20617 | Orc:2    | Noticed an orc warlord
 21566 | Orc:2    | Paralysed by an orc sorcerer for 5 turns
 21609 | Orc:2    | Found Xaran's Jewellery Boutique.
 21609 | Orc:2    | Found Idenk's Assorted Antiques.
 21609 | Orc:2    | Found Vaijelit's Distillery.
 21619 | Orc:2    | Found Bepov's Distillery.
 21830 | Orc:2    | Found a staircase to the Elven Halls.
 21837 | Orc:2    | Reached skill level 10 in Long Blades
 21876 | Orc:2    | HP: 1/84 [troll (13)]
 21876 | Orc:2    | Slain by a troll

Illustrated notes

Levels and vault maps discovered:
D:1:      ldierk_walled_garden_2, layout_loops_corners, serial_shops,
          nicolae_shop_stone, shop, minivault_5
D:2:      layout_rooms, ebering_ecumenical_altar_rust, uniq_terence, uniq_robin
D:3:      layout_rooms, lemuel_doored_altar, portal_sewer_entry_f,
          minmay_cut_off
D:4:      nicolae_BIG_FREAKIN_CUBE, layout_rooms,
          minmay_temple_entry_from_below_a
D:5:      layout_gridville, mainiacjoe_overflow_surrounded_room,
          minmay_misc_feat_nine_boxes, chequers_serial_rivers_micro_c,
          kennysheep_flooded_box, uniq_grinder
D:6:      layout_cave_pools, serial_shops, nicolae_stop_n_shop_1,
          chequers_serial_rivers_large_a, hex_medium, grunt_ministairs_3
D:7:      layout_basic, mainiacjoe_overflow_alcove_4, chequers_avenue,
          roderic_lattice_a, uniq_crazy_yiuf_cottage
D:8:      layout_rooms, mainiacjoe_overflow_brackets, lemuel_round_altar,
          erik_lair_orcish_takeover, chequers_serial_rivers_room_b, uniq_maggie,
          uniq_psyche
D:9:      layout_small_grid, nicolae_elyvilon_peaceful_grove,
          nicolae_overflow_crystal_walls, minitemple, hangedman_corner_corridor,
          uniq_gastronok
D:10:     layout_cave_pools, kennysheep_little_box
D:11:     layout_cave_pools, nicolae_rejected_hall
D:12:     layout_loops_corners, zombieorc1_lemuel
Temple:   nicolae_temple_two_arcs
Lair:1:   layout_cave_pods, infiniplex_staircase_pool
Lair:2:   layout_misc_corridors, grunt_megastairs_3
Lair:3:   wander_river, layout_chaotic_city, shoals_dummy_entry,
          nicolae_spider_entry_orb_guardian, dreamdust_gnoll_shepherd
Lair:4:   layout_roguey, slime_entry_1
Lair:5:   hellmonk_lair_end_abyssal_woods, layout_hall_layers,
          chequers_serial_rivers_micro_a
Orc:1:    layout_caves, nicolae_orc_pool_cavern, kennysheep_orc_sif_temple
Orc:2:    st_orc_mages, layout_caves, abandoned_shop, mines_bat_river

Skill      XL: |  1  2  3  4  5  6  7  8  9 10 11 12 13 14 |
---------------+-------------------------------------------+-----
Hexes          | 5 6 7 8 10 | 10.0
Stealth        | 5 6 7 8 |  8.6
Spellcasting   | 3 4 |  4.7
Fighting       | 1 3 5 8 |  8.0
Necromancy     | 1 4 5 9 12 14 15 | 15.0
Short Blades   | 4 6 8 |  8.0
Dodging        | 4 7 8 |  8.0
Armour         | 1 5 6 8 |  8.0
Long Blades    | 4 7 9 10 | 10.0
Shields        | 1 3 |  3.8
Earth Magic    | 2 |  2.5

Action                     |  1- 3 |  4- 6 |  7- 9 | 10-12 | 13-15 || total
---------------------------+-------+-------+-------+-------+-------++-------
  Melee: Dagger            |    90 |   303 |   246 |   852 |   666 ||  2157
         Bite              |    12 |    49 |    42 |   134 |   190 ||   427
         Punch             |       |     4 |     4 |    19 |    15 ||    42
         Rapier            |       |       |       |       |   367 ||   367
  Throw: Stone             |       |    14 |     3 |    33 |    23 ||    73
         Dart              |       |       |     3 |       |       ||     3
   Cast: Ensorcelled Hiber |    15 |     1 |     1 |       |     5 ||    22
         Confusing Touch   |     4 |    41 |    23 |   105 |    94 ||   267
         Tukima's Dance    |       |     3 |    12 |    23 |    22 ||    60
         Dazzling Flash    |       |       |     8 |    42 |    60 ||   110
         Death Channel     |       |       |       |       |     9 ||     9
 Invoke: Brand Weapon With |       |       |       |       |     1 ||     1
         Unearth Wretches  |       |       |       |       |     1 ||     1
Ability: Exsanguinate      |     1 |       |       |       |       ||     1
  Evoke: Wand              |       |       |       |     1 |       ||     1
    Use: Scroll            |       |     5 |     6 |     3 |     9 ||    23
         Potion            |       |       |       |       |     7 ||     7
   Stab: Sleeping          |    21 |    21 |    23 |    23 |    31 ||   119
         Confused          |     1 |    25 |    21 |    95 |    79 ||   221
         Distracted        |       |     1 |       |       |     5 ||     6
         Invisible         |       |       |     7 |    24 |    30 ||    61
         Paralysed         |       |       |       |       |     2 ||     2
 Armour: Robe              |    24 |    69 |       |       |       ||    93
         Leather armour    |       |    11 |    28 |       |       ||    39
         Steam dragon scal |       |       |    29 |   170 |   244 ||   443
  Dodge: Dodged            |    51 |   145 |   100 |   466 |   492 ||  1254
  Block: Buckler           |       |       |       |       |   118 ||   118
         Reflection        |       |       |       |       |     5 ||     5

Table legend: (Time is in decaauts)
 A = Elapsed time spent in this place.
 B = Non-inter-level travel time spent in this place.
 C = Inter-level travel time spent in this place.
 D = Time resting spent in this place.
 E = Time spent auto-exploring this place.
 F = Levels seen in this place.
 G = Mean time per level.
                   A        B        C        D        E       F      G
               +--------+--------+--------+--------+--------+-----+--------+
         Total |  21071 |  19950 |   1121 |   2503 |   9405 |  21 | 1003.4 |
       Dungeon |  12118 |  11685 |    433 |   1138 |   6011 |  12 | 1009.8 |
        Temple |    154 |    146 |      8 |      0 |    106 |   1 |  154.0 |
          Lair |   6601 |   5975 |    626 |    723 |   2647 |   5 | 1320.2 |
  Orcish Mines |   1987 |   1933 |     54 |    624 |    611 |   2 |  993.5 |
         Sewer |    210 |    210 |      0 |     18 |     29 |   1 |  210.0 |
               +--------+--------+--------+--------+--------+-----+--------+

Top non-repeatable levels by time:
  Lair:1: 1604 daAuts
  Lair:4: 1572 daAuts
     D:1: 1495 daAuts
     D:9: 1453 daAuts
  Lair:5: 1348 daAuts
     D:7: 1337 daAuts
  Lair:3: 1301 daAuts
    D:12: 1290 daAuts
   Orc:1: 1248 daAuts
     D:2: 1197 daAuts
     D:8: 937 daAuts
     D:4: 780 daAuts
     D:3: 777 daAuts
  Lair:2: 774 daAuts
     D:5: 758 daAuts
